 Dungeon Crawl Stone Soup version 0.30-a0-782-ge64f9170bb (webtiles) character file.

Game seed: 12790337324816558145

5 Esekla the Sneak (level 1, 0/16 HPs)
             Began as an Octopode Delver on Feb 19, 2023.
             Succumbed to a scorpion's poison
             ... on level 5 of the Dungeon.
             The game lasted 00:00:57 (116 turns).

Esekla the Sneak (Octopode Delver)                   Turns: 116, Time: 00:00:58

Health: 0/16       AC:  1    Str: 11    XL:     1   Next: 80%
Magic:  1/1        EV: 13    Int: 12    God:
Gold:   36         SH:  0    Dex: 13    Spells: 0/0 levels left

rFire   . . .      SeeInvis .    a - +0 falchion
rCold   . . .      Faith    .    (no shield)
rNeg    . . .      Spirit   .    (helmet restricted)
rPois   .          Reflect  .    (no amulet)
rElec   .          Harm     .    (no ring)
rCorr   .          Rampage  .    (no ring)
Will    .....                    (no ring)
Stlth   ++++                     (no ring)
HPRegen 0.22/turn                (no ring)
MPRegen 0.07/turn                (no ring)
                                 (no ring)
                                 (no ring)

@: lethally poisoned (0 -> -12)
A: almost no armour, amphibious, 8 rings, camouflage 1, gelatinous body 1,
(nimble swimmer 1), tentacles
a: no special abilities


You were on level 5 of the Dungeon.
You visited 1 branch of the dungeon, and saw 1 of its levels.

You collected 36 gold pieces.

Inventory:

Hand Weapons
 a - a +0 falchion (weapon)
Wands
 f - a wand of digging (3)
Scrolls
 b - a scroll of fog
 d - a scroll of fear
Potions
 e - a potion of haste


   Skills:
 * Level 3.0 Fighting
 * Level 2.0 Long Blades
 * Level 2.0 Dodging
 + Level 6.8 Stealth
 * Level 0.1 Spellcasting


You couldn't memorise any spells.
You didn't know any spells.
Your spell library was empty.

Dungeon Overview and Level Annotations

Branches:
Dungeon (5/15)             Temple (0/1) D:5

Altars:


Innate Abilities, Weirdness & Mutations

You cannot wear most types of armour.
You are amphibious.
You can wear up to eight rings at the same time.
Your skin changes colour to match your surroundings (Stealth+).
Your rubbery body absorbs attacks. (AC +1, EV +1)
((You are camouflaged when in or above water. (Stealth+)))
You have tentacles for arms and can constrict up to eight enemies at once.


Message History

You barely miss the ufetubus. Your grab misses the ufetubus.
The ufetubus hits you. The ufetubus misses you.
You hit the ufetubus. Your grab misses the ufetubus.
Your squeeze misses the ufetubus.
The ufetubus is heavily wounded.
The ufetubus closely misses you. x2; The ufetubus hits you.
The ufetubus hits you but does no damage.
You closely miss the ufetubus. Your grab misses the ufetubus.
The ufetubus is heavily wounded.
The ufetubus hits you. The ufetubus misses you. The ufetubus barely misses you.
The ufetubus hits you.
You hit the ufetubus.
You kill the ufetubus!
You start resting.
HP restored.
A scorpion comes into view.
Found a staircase to the Ecumenical Temple.
You hit the scorpion but do no damage. Your grab misses the scorpion.
Your squeeze misses the scorpion. The scorpion stings you.
You hit the scorpion but do no damage. Your grab misses the scorpion.
The scorpion barely misses you.
You hit the scorpion. You grab the scorpion. You squeeze the scorpion.
The scorpion is heavily wounded.
You constrict the scorpion. The scorpion stings you.
The scorpion closely misses you.
You hit the scorpion.
The scorpion is severely wounded.
You constrict the scorpion. The scorpion stings you.
You hit the scorpion but do no damage.
The scorpion is almost dead.
You constrict the scorpion, but do no damage.
The scorpion closely misses you. The scorpion stings you.
* * * LOW HITPOINT WARNING * * *
You are lethally poisoned!
The scorpion poisons you!
Okay, then.
You hit the scorpion but do no damage.
The scorpion is severely wounded.
You constrict the scorpion.
You die...

*,,,,,,,*
#...##
*********
**#... #####.
##.....
####......
#####.....####
#####........##
##.....########
##.@#####
##.s## #..##
######.######
#≈≈≈≈#.#≈≈≈≈#
#≈≈≈≈#.#≈≈≈≈#
#≈≈≈≈#.#≈≈≈≈#
#≈≈≈##.##≈≈≈#
#≈≈≈#...#≈≈≈#


You could see a scorpion.

Vanquished Creatures
  An ufetubus (D:5)
1 creature vanquished.

Notes
Turn   | Place    | Note
-------+----------+-------------------------------------------
     0 | D:5      | Esekla the Octopode Delver began the quest for the Orb.
     0 | D:5      | Reached XP level 1. HP: 16/16 MP: 1/1
    30 | D:5      | Noticed a hound
   104 | D:5      | Found a staircase to the Ecumenical Temple.
   104 | D:5      | Noticed a scorpion
   116 | D:5      | Succumbed to a scorpion's poison

Illustrated notes

Levels and vault maps discovered:
D:5:      layout_rooms, minmay_temple_entry_poolview, uniq_eustachio

Action                     || total
---------------------------++-------
  Melee: Falchion          ||    10
         Constrict         ||     1
         Tentacles         ||     1
    Use: Scroll            ||     1
 Armour: Skin              ||     1
  Dodge: Dodged            ||     8

Table legend: (Time is in decaauts)
 A = Elapsed time spent in this place.
 B = Non-inter-level travel time spent in this place.
 C = Inter-level travel time spent in this place.
 D = Time resting spent in this place.
 E = Time spent auto-exploring this place.
 F = Levels seen in this place.
 G = Mean time per level.
                   A        B        C        D        E       F      G
               +--------+--------+--------+--------+--------+-----+--------+
         Total |    117 |    117 |      0 |     37 |      0 |   1 |  117.0 |
       Dungeon |    117 |    117 |      0 |     37 |      0 |   1 |  117.0 |
               +--------+--------+--------+--------+--------+-----+--------+

Top non-repeatable levels by time:
     D:5: 117 daAuts
